 Dungeon Crawl Stone Soup version 0.31.0-32-g396128a36d (webtiles) character file.

Game seed: 5480705913798577647

2921 KittyFluff the Ruffian (level 9, 0/132 HPs)
             Began as a Troll Shapeshifter on Mar 23, 2024.
             Was a Believer of Trog.
             Slain by a six-headed hydra (6 damage)
             ... on level 8 of the Dungeon.
             The game lasted 00:28:25 (6294 turns).

KittyFluff the Ruffian (Troll Shapeshifter)         Turns: 6294, Time: 00:28:26

Health: 0/132      AC: 14    Str: 32    XL:     9   Next: 50%
Magic:  8/8        EV: 10    Int:  6    God:    Trog [**....]
Gold:   343        SH:  8    Dex: 11    Spells: 8/8 levels left

rFire   . . .        I - +0 flail (protect)
rCold   . . .        v - +0 kite shield
rNeg    . . .        J - +0 steam dragon scales
rPois   .            (helmet currently unavailable)
rElec   .            (cloak currently unavailable)
rCorr   .            (gloves unavailable)
SInv    .            (boots unavailable)
Will    .....        W - amulet of regeneration Stlth
                     j - +6 ring of strength
HPRegen 2.02/turn    (no ring)
MPRegen 0.11/turn

%: no passive effects
@: berserking, beast-form, under a protective aura, very quick
A: beast (slay +3), large, unfitting armour, claws 3, regeneration 1, shaggy fur
1, tough skin 1
a: Begin Untransformation, Renounce Religion, Berserk, Trog's Hand


You were on level 8 of the Dungeon.
You worshipped Trog.
Trog was pleased with you.
You were a hulking beast.
You visited 2 branches of the dungeon, and saw 9 of its levels.

You collected 343 gold pieces.

Inventory:

Hand Weapons
 t - a +1 vampiric spear
 I - a +0 flail of protection (weapon)
 O - a +1 hammer of protection
 P - a +3 quarterstaff of chaos
 R - a +1 hammer of venom
 V - a +3 mace
Missiles
 g - 13 poisoned darts
 h - 58 stones (quivered)
 k - 6 boomerangs
 x - 5 curare-tipped darts
 D - 2 large rocks
 K - 3 javelins
Armour
 p - a +1 cloak
 v - a +0 kite shield (worn)
 J - +0 steam dragon scales (worn)
 Q - a +1 cloak
Jewellery
 j - a +6 ring of strength (left claw)
 A - a ring of ice
 W - an amulet of regeneration (around neck)
Talismans
 c - a beast talisman
 d - a flux talisman
 N - a maw talisman
Wands
 B - a wand of mindburst (17)
 H - a wand of digging (9)
Scrolls
 e - 2 scrolls of teleportation
 i - 3 scrolls of vulnerability {unknown}
 n - 2 scrolls of identify {unknown}
 q - a scroll of enchant armour {unknown}
 r - a scroll of blinking
 s - a scroll of noise {unknown}
 w - a scroll of poison {unknown}
 y - 2 scrolls of butterflies {unknown}
 z - a scroll of amnesia {unknown}
 F - 3 scrolls of fear
 L - a scroll of torment {unknown}
 M - 2 scrolls of revelation {unknown}
 S - a scroll of brand weapon {unknown}
 T - a scroll of fog {unknown}
Potions
 a - a potion of haste {unknown}
 b - 4 potions of lignification
 f - a potion of brilliance {unknown}
 l - a potion of enlightenment {unknown}
 m - 2 potions of heal wounds {unknown}
 o - 6 potions of curing {unknown}
 u - a potion of magic {unknown}
 C - a potion of degeneration {unknown}
 E - 2 potions of mutation {unknown}
 G - a potion of berserk rage {unknown}
 U - a potion of attraction {unknown}


   Skills:
 + Level 5.1 Fighting
 + Level 5.3 Dodging
 + Level 4.2 Shields
 + Level 6.8 Unarmed Combat
 + Level 6.3 Shapeshifting


You had 8 spell levels left.
You didn't know any spells.
Your spell library contained the following spells:

 Spells                   Type           Power      Damage    Failure   Level
 Lesser Beckoning         Tloc           0%         N/A       80%         2
 Gell's Gravitas          Tloc           0%         N/A       95%         3
 Stone Arrow              Conj/Erth      0%         3d7       95%         3
 Teleport Other           Tloc           0%         N/A       95%         3
 Animate Armour           Summ/Erth      0%         N/A       100%        4
 Lehudib's Crystal Spear  Conj/Erth      0%         10d2      100%        8


Dungeon Overview and Level Annotations

Branches:
Dungeon (8/15)             Temple (1/1) D:5
   Lair: D:8-11

Altars:
Ashenzari
Cheibriados
Dithmenos
Elyvilon
Fedhas
Gozag
Hepliaklqana
Kikubaaqudgha
Makhleb
Nemelex Xobeh
Okawaru
Qazlal
Ru
Sif Muna
Trog
Uskayaw
Wu Jian
Xom
Yredelemnul
Zin
The Shining One

Shops:
D:3 [   D:6 (


Innate Abilities, Weirdness & Mutations

You are a hulking beast.
Your limbs bulge with bestial killing power. (Slay +3)
You are too large for most types of armour.
You have claws for hands.
Your natural rate of healing is unusually fast.
You are covered in fur. (AC +1)
You have tough skin. (AC +1)


Message History

The six-headed hydra bites you but does no damage.
The six-headed hydra bites you. x2
The six-headed hydra bites you but does no damage.
The six-headed hydra bites you!
The six-headed hydra closely misses you.
The six-headed hydra bites you!
The six-headed hydra bites you but does no damage.
You hit the six-headed hydra.
The six-headed hydra is lightly wounded.
The six-headed hydra bites you.
You block the six-headed hydra's attack. x2
The six-headed hydra bites you but does no damage.
You block the six-headed hydra's attack.
The six-headed hydra completely misses you.
Unknown command.
A red film seems to cover your vision as you go berserk!
You feel yourself moving faster!
You feel mighty! The six-headed hydra bites you!
* * * LOW HITPOINT WARNING * * *
The six-headed hydra bites you!
* * * LOW HITPOINT WARNING * * *
The six-headed hydra barely misses you.
The six-headed hydra bites you but does no damage. x2
You block the six-headed hydra's attack.
You bludgeon the six-headed hydra!!
The six-headed hydra is moderately wounded.
The six-headed hydra bites you.
* * * LOW HITPOINT WARNING * * *
The six-headed hydra bites you but does no damage.
The six-headed hydra bites you!
* * * LOW HITPOINT WARNING * * *
The six-headed hydra bites you.
* * * LOW HITPOINT WARNING * * *
The six-headed hydra closely misses you. x2
You sock the six-headed hydra!
The six-headed hydra is heavily wounded.
The six-headed hydra closely misses you.
The six-headed hydra bites you but does no damage. x3
The six-headed hydra bites you.
You die...

.......)...##.# #..#ยง....
######.....##.# .. #.......#
######....[...####.###!....#O...#
........###[..##.....##....#.....
........# #...#?......##..###...#
#.####..###...#.......#########.#
#.#####.....#...O.... .........#
.........####..#D#.# #.####.##
#######.##......h..# #.####.##
####...#.######### #........
#....#.......# ###.##.#.
#.##......##.# # #.#.
#.##.......#.# #.. #.#..........#
### #.#..#....<..# #.#..........#
###.##....#..#.##########


You could see a six-headed hydra and a two-headed ogre.

Vanquished Creatures
  Jeremiah (D:6)
  Sigmund (D:6)
  A wraith (D:8)
  Eustachio (D:5)
  Menkaure (D:6)
  2 steam dragons
  2 water moccasins
  An ice beast (D:5)
  3 sky beasts
  2 orc warriors
  A centaur (D:7)
  A kobold brigand (D:7)
  A scorpion (D:4)
  3 wights (D:8)
  A howler monkey (D:5)
  4 orc priests
  3 jellies
  Crazy Yiuf (D:6)
  2 hounds (D:5)
  2 sleepcaps
  Terence (D:2)
  Ijyb (D:4)
  2 iguanas
  2 orc wizards
  4 adders
  A shadow imp (D:7)
  4 white imps
  2 ufetubi (D:6)
  A dart slug (D:2)
  A ribbon worm (D:4)
  20 orcs
  5 ball pythons
  7 bats
  9 endoplasms
  A giant cockroach (D:1)
  13 goblins
  6 hobgoblins
  3 jackals (D:4)
  2 quokkas
  4 frilled lizards
  8 kobolds
  5 rats
136 creatures vanquished.

Notes
Turn   | Place    | Note
-------+----------+-------------------------------------------
     0 | D:1      | KittyFluff the Troll Shapeshifter began the quest for the
                  | Orb.
     0 | D:1      | Reached XP level 1. HP: 18/18 MP: 0/0
   153 | D:1      | Reached skill level 1 in Fighting
   240 | D:1      | Reached XP level 2. HP: 24/27 MP: 1/1
   980 | D:2      | Reached XP level 3. HP: 31/33 MP: 2/2
  1509 | D:2      | Noticed Terence
  1515 | D:2      | Killed Terence
  1516 | D:2      | Reached XP level 4. HP: 41/41 MP: 3/3
  1980 | D:3      | Found Ulyore's Armour Boutique.
  2149 | D:3      | You fall into a shaft and drop 1 floor!
  3266 | D:4      | Noticed Ijyb
  3280 | D:4      | Killed Ijyb
  3281 | D:4      | Reached XP level 5. HP: 31/49 MP: 4/4
  3470 | D:5      | Entered Level 5 of the Dungeon
  3588 | D:5      | Reached XP level 6. HP: 59/59 MP: 5/5
  3766 | D:5      | Noticed a water moccasin
  3773 | D:5      | Killed a water moccasin
  3876 | D:5      | Found a staircase to the Ecumenical Temple.
  4078 | Temple   | Entered the Ecumenical Temple
  4095 | Temple   | Became a worshipper of Trog the Wrathful
  4131 | D:6      | Noticed Menkaure
  4131 | D:6      | Noticed an ice beast
  4135 | D:6      | Noticed Eustachio
  4141 | D:5      | Reached XP level 7. HP: 52/67 MP: 6/6
  4187 | D:5      | Killed Eustachio
  4188 | D:5      | Reached skill level 1 in Shields
  4188 | D:5      | Reached skill level 5 in Unarmed Combat
  4219 | D:6      | Killed Menkaure
  4280 | D:6      | Noticed Jeremiah
  4321 | D:6      | Killed Jeremiah
  4322 | D:6      | Reached skill level 5 in Shapeshifting
  4322 | D:6      | Reached XP level 8. HP: 26/78 MP: 7/7
  4582 | D:6      | Found Siblyex's Weapon Emporium.
  4788 | D:6      | Noticed Sigmund
  4797 | D:6      | Killed Sigmund
  4888 | D:6      | Found a runed translucent door.
  4889 | D:6      | Noticed Crazy Yiuf
  4894 | D:6      | Killed Crazy Yiuf
  5050 | D:7      | Reached * piety under Trog
  5307 | D:7      | Reached XP level 9. HP: 70/85 MP: 8/8
  5885 | D:8      | Reached skill level 5 in Dodging
  6028 | D:8      | Reached ** piety under Trog
  6083 | D:8      | Reached skill level 5 in Fighting
  6212 | D:8      | Noticed a five-headed hydra
  6213 | D:8      | Noticed a two-headed ogre
  6293 | D:8      | HP: 4/132 [six-headed hydra (6)]
  6294 | D:8      | Slain by a six-headed hydra

Illustrated notes

Levels and vault maps discovered:
D:1:      nicolae_arrival_somewhat_less_tricky_arrival, layout_loops_corners,
          serial_rivers, chequers_serial_rivers_small_3,
          chequers_serial_rivers_micro_a, chequers_serial_rivers_micro_b,
          chequers_serial_rivers_micro_b, chequers_serial_rivers_small_a
D:2:      layout_loops_corners, uniq_terence
D:3:      layout_loops_ring, serial_shops, nicolae_shop_pleasant_corner_grove,
          patterned_corridor
D:4:      kennysheep_goblin_castle, layout_basic, uniq_ijyb
D:5:      layout_basic, minmay_temple_entry_statues_pillars
D:6:      layout_cave_pools, serial_shops, shop, uniq_eustachio, uniq_sigmund,
          uniq_jeremiah, uniq_crazy_yiuf_cottage, uniq_menkaure
D:7:      layout_cave_pods
D:8:      minmay_curly_fans, layout_loops_ring, kennysheep_little_box,
          kennysheep_crisscross, minmay_crystal_room, nicolae_two_hexagons
Temple:   minmay_crystal_snake_temple

Skill      XL: |  1  2  3  4  5  6  7  8  9 |
---------------+----------------------------+-----
Fighting       | 1 2 3 4 5 |  5.1
Dodging        | 2 3 4 5 |  5.3
Unarmed Combat | 4 5 6 |  6.8
Shapeshifting  | 4 5 6 |  6.3
Shields        | 2 3 4 |  4.2

Action                     |  1- 3 |  4- 6 |  7- 9 || total
---------------------------+-------+-------+-------++-------
  Melee: Unarmed           |    75 |   112 |   173 ||   360
         Flail             |       |       |     8 ||     8
  Throw: Stone             |     5 |     8 |    16 ||    29
 Invoke: Berserk           |       |       |     1 ||     1
    Use: Scroll            |       |     1 |     4 ||     5
   Stab: Sleeping          |       |     1 |       ||     1
 Armour: Animal skin       |    44 |    61 |    46 ||   151
         Steam dragon scal |       |       |   114 ||   114
  Dodge: Dodged            |    40 |    46 |    78 ||   164
  Block: Kite shield       |       |    34 |    64 ||    98
